 Dungeon Crawl Stone Soup version 0.28-a0-1513-ge4f4046303 (webtiles) character file.

Game seed: 11364693734241912602

132 Gargoyl the Skirmisher (level 5, -3/47 HPs)
             Began as a Gnoll Abyssal Knight on Jan 16, 2022.
             Was a Believer of Lugonu.
             Slain by a gnoll (6 damage)
             ... on level 2 of the Dungeon.
             The game lasted 00:03:00 (2659 turns).

Gargoyl the Skirmisher (Gnoll Abyssal Knight)       Turns: 2659, Time: 00:03:00

Health: -3/47      AC: 10    Str: 14    XL:     5   Next: 15%
Magic:  8/8        EV:  7    Int: 10    God:    Lugonu [**....]
Gold:   100        SH:  0    Dex: 12    Spells: 6/6 levels left

rFire   . . .      SeeInvis .   a - +1 hand axe
rCold   . . .      Faith    .   (no shield)
rNeg    . . .      Spirit   .   c - +0 chain mail
rPois   .          Reflect  .   (no helmet)
rElec   .          Harm     .   (no cloak)
rCorr   .          Rampage  .   l - +0 pair of gloves
Will    .....                   (no boots)
Stlth   ..........              (no amulet)
HPRegen 0.15/turn               (no ring)
MPRegen 0.11/turn               (no ring)

@: no status effects
A: fangs 1, strong nose, distributed training
a: Renounce Religion, Depart the Abyss, Bend Space


You were on level 2 of the Dungeon.
You worshipped Lugonu.
Lugonu was pleased with you.
You visited 1 branch of the dungeon, and saw 3 of its levels.
You visited the Abyss 1 time.

You collected 100 gold pieces.

Inventory:

Hand Weapons
 a - a +1 hand axe (weapon)
Missiles
 b - 2 curare-tipped darts
 j - 9 poisoned darts (quivered)
Armour
 c - a +0 chain mail (worn)
 l - a +0 pair of gloves (worn)
Jewellery
 e - a ring of ice
Scrolls
 g - a scroll of teleportation {unknown}
 i - a scroll of enchant weapon {unknown}
 k - a scroll of enchant armour {unknown}
Potions
 d - a potion of flight
 f - a potion of berserk rage {unknown}
 h - a potion of curing {unknown}


   Skills:
 + Level 6.6 Fighting
 + Level 1.4 Short Blades
 + Level 1.4 Long Blades
 + Level 4.7 Axes
 + Level 1.4 Maces & Flails
 + Level 1.4 Polearms
 + Level 1.4 Staves
 + Level 1.4 Slings
 + Level 1.4 Bows
 + Level 1.4 Crossbows
 + Level 1.4 Throwing
 + Level 4.7 Armour
 + Level 2.9 Dodging
 + Level 1.4 Stealth
 + Level 1.4 Shields
 + Level 1.4 Unarmed Combat
 + Level 1.4 Spellcasting
 + Level 1.1 Conjurations
 + Level 1.1 Hexes
 + Level 1.1 Summonings
 + Level 1.1 Necromancy
 + Level 1.1 Translocations
 + Level 1.1 Transmutations
 + Level 1.1 Fire Magic
 + Level 1.1 Ice Magic
 + Level 1.1 Air Magic
 + Level 1.1 Earth Magic
 + Level 1.1 Poison Magic
 + Level 4.8 Invocations
 + Level 1.4 Evocations


You had 6 spell levels left.
You didn't know any spells.
Your spell library was empty.

Dungeon Overview and Level Annotations

Branches:
Dungeon (3/15)

Altars:
Ashenzari
Cheibriados
Gozag


Innate Abilities, Weirdness & Mutations

You have very sharp teeth.
Your uncanny sense of smell can sniff out nearby items.
Your experience applies equally to all skills.


Message History

The gnoll hits you but does no damage.
You closely miss the gnoll.
The gnoll is lightly wounded.
The gnoll hits you with a +0 flail of protection!
You hit the gnoll.
The gnoll is lightly wounded.
The gnoll hits you but does no damage.
The gnoll hits you from afar with a +0 halberd.
You see here a +0 dagger.
There is an open door here.
There is a stone staircase leading up here.
The gnoll hits you with a +0 flail of protection.
You climb upwards.
There is a stone staircase leading down here.
You closely miss the gnoll. You bite the gnoll, but do no damage.
The gnoll hits you with a +0 flail of protection.
You hit the gnoll but do no damage.
The gnoll hits you with a +0 flail of protection.
You closely miss the gnoll. The gnoll barely misses you.
You hit the gnoll but do no damage.
The gnoll hits you with a +0 flail of protection.
You hit the gnoll.
The gnoll is lightly wounded.
The gnoll hits you with a +0 flail of protection!
The gnoll hits you with a +0 flail of protection.
You hit the gnoll but do no damage.
The gnoll is lightly wounded.
The gnoll barely misses you.
You hit the gnoll.
The gnoll is heavily wounded.
The gnoll hits you with a +0 flail of protection!
* * * LOW HITPOINT WARNING * * *
You hit the gnoll.
The gnoll is heavily wounded.
The gnoll hits you with a +0 flail of protection!
* * * LOW HITPOINT WARNING * * *
You hit the gnoll but do no damage.
The gnoll is heavily wounded.
The gnoll hits you with a +0 flail of protection.
You die...

#####..........#
#..............#
#.####.........# ####### #.#
#.........# #......
#.####.........# #......
#....'.........### #......
#..###...........# #......
#....#.#######.#.######...##.
##.#...# #@g...............
#....## #.###.######.####.
####.# #.................
#.##########.............
#.......)...#######.#####
#####.....#.#######.#
#.....#'#.......##
#................#
#................#


You could see a gnoll.

Vanquished Creatures
  2 gnolls (D:3)
  3 adders
  A worm (D:3)
  A dart slug (D:1)
  3 orcs (D:3)
  7 ball pythons
  5 endoplasms
  3 giant cockroaches
  10 hobgoblins
  4 jackals (D:1)
  5 kobolds
  7 quokkas
  7 bats
  A frilled lizard (D:1)
  5 goblins
  5 rats
69 creatures vanquished.

Notes
Turn   | Place    | Note
-------+----------+-------------------------------------------
     0 | Abyss:1  | Gargoyl the Gnoll Abyssal Knight began the quest for the
                  | Orb.
     0 | Abyss:1  | Reached XP level 1. HP: 23/23 MP: 3/3
    26 | D:1      | Escaped the Abyss
   176 | D:1      | Reached XP level 2. HP: 24/29 MP: 5/5
   316 | D:1      | Reached * piety under Lugonu
   519 | D:1      | Reached XP level 3. HP: 28/35 MP: 6/6
   996 | D:1      | Reached ** piety under Lugonu
  1105 | D:2      | Reached skill level 1 in Short Blades
  1105 | D:2      | Reached skill level 1 in Long Blades
  1105 | D:2      | Reached skill level 1 in Maces & Flails
  1105 | D:2      | Reached skill level 1 in Polearms
  1105 | D:2      | Reached skill level 1 in Staves
  1105 | D:2      | Reached skill level 1 in Slings
  1105 | D:2      | Reached skill level 1 in Bows
  1105 | D:2      | Reached skill level 1 in Crossbows
  1105 | D:2      | Reached skill level 1 in Throwing
  1105 | D:2      | Reached skill level 1 in Stealth
  1105 | D:2      | Reached skill level 1 in Shields
  1105 | D:2      | Reached skill level 1 in Unarmed Combat
  1105 | D:2      | Reached skill level 1 in Spellcasting
  1105 | D:2      | Reached skill level 1 in Evocations
  1148 | D:2      | Reached XP level 4. HP: 33/41 MP: 7/7
  1911 | D:3      | Reached skill level 1 in Conjurations
  1911 | D:3      | Reached skill level 1 in Hexes
  1911 | D:3      | Reached skill level 1 in Summonings
  1911 | D:3      | Reached skill level 1 in Necromancy
  1911 | D:3      | Reached skill level 1 in Translocations
  1911 | D:3      | Reached skill level 1 in Transmutations
  1911 | D:3      | Reached skill level 1 in Fire Magic
  1911 | D:3      | Reached skill level 1 in Ice Magic
  1911 | D:3      | Reached skill level 1 in Air Magic
  1911 | D:3      | Reached skill level 1 in Earth Magic
  1911 | D:3      | Reached skill level 1 in Poison Magic
  2135 | D:3      | Found a broken altar of Ashenzari.
  2138 | D:3      | Found a snail-covered altar of Cheibriados.
  2143 | D:3      | Found an opulent altar of Gozag.
  2358 | D:3      | Reached XP level 5. HP: 28/47 MP: 8/8
  2659 | D:2      | Slain by a gnoll

Illustrated notes

Levels and vault maps discovered:
D:1:      shiori_arrival_maze, layout_basic
D:2:      layout_basic
D:3:      layout_loops_corners, grunt_temple_overflow_diamond,
          shapermc_ecumenical_altar_petra, minivault_19

Skill      XL: |  1  2  3  4 |
---------------+-------------+-----
Short Blades   | 1 |  1.4
Long Blades    | 1 |  1.4
Maces & Flails | 1 |  1.4
Polearms       | 1 |  1.4
Staves         | 1 |  1.4
Slings         | 1 |  1.4
Bows           | 1 |  1.4
Crossbows      | 1 |  1.4
Throwing       | 1 |  1.4
Stealth        | 1 |  1.4
Shields        | 1 |  1.4
Unarmed Combat | 1 |  1.4
Spellcasting   | 1 |  1.4
Evocations     | 1 |  1.4
Conjurations   | 1 |  1.1
Hexes          | 1 |  1.1
Summonings     | 1 |  1.1
Necromancy     | 1 |  1.1
Translocations | 1 |  1.1
Transmutations | 1 |  1.1
Fire Magic     | 1 |  1.1
Ice Magic      | 1 |  1.1
Air Magic      | 1 |  1.1
Earth Magic    | 1 |  1.1
Poison Magic   | 1 |  1.1
Fighting       | |  6.6
Axes           | |  4.7
Armour         | |  4.7
Dodging        | |  2.9
Invocations    | |  4.8

Action                   |  1- 3 |  4- 6 || total
-------------------------+-------+-------++-------
Melee: Hand axe          |   119 |    90 ||   209
       Bite              |     7 |     6 ||    13
       Punch             |     1 |     1 ||     2
Invok: Depart the Abyss  |     1 |       ||     1
  Use: Scroll            |     1 |     2 ||     3
Armor: Chain mail        |    88 |    53 ||   141
Dodge: Dodged            |    50 |    46 ||    96

Table legend: (Time is in decaauts)
 A = Elapsed time spent in this place.
 B = Non-inter-level travel time spent in this place.
 C = Inter-level travel time spent in this place.
 D = Time resting spent in this place.
 E = Time spent auto-exploring this place.
 F = Levels seen in this place.
 G = Mean time per level.
                   A        B        C        D        E       F      G
               +--------+--------+--------+--------+--------+-----+--------+
         Total |   2674 |   2639 |     35 |      0 |   1998 |   4 |  668.5 |
       Dungeon |   2648 |   2613 |     35 |      0 |   1973 |   3 |  882.7 |
         Abyss |     26 |     26 |      0 |      0 |     25 |   1 |   26.0 |
               +--------+--------+--------+--------+--------+-----+--------+

Top non-repeatable levels by time:
     D:1: 1060 daAuts
     D:2: 808 daAuts
     D:3: 779 daAuts
 Abyss:1: 26 daAuts
